 Dungeon Crawl Stone Soup version 0.26-a0-1213-gd52f5182fe (webtiles) character file.

Game seed: 6475293215984472009

551 tilp the Skirmisher (level 7, -2/75 HPs)
             Began as an Ogre Abyssal Knight on Dec 30, 2020.
             Was a Priest of Lugonu.
             Slain by an orc priest
             ... wielding a cursed -3 mace
              (9 damage)
             ... on level 4 of the Dungeon.
             The game lasted 00:05:51 (5174 turns).

tilp the Skirmisher (Ogre Abyssal Knight)           Turns: 5174, Time: 00:05:53

Health: -2/75      AC:  4    Str: 17    XL:     7   Next: 29%
Magic:  7/8        EV: 14    Int: 15    God:    Lugonu [***...]
Gold:   342        SH:  0    Dex:  8    Spells: 6/6 levels left

rFire    . . .     SeeInvis .   a - +0 whip (elec)
rCold    . . .     Faith    .   (no shield)
rNeg     + . .     Spirit   .   r - +1 robe {rN+}
rPois    .         Reflect  .   (helmet restricted)
rElec    .         Harm     .   (no cloak)
rCorr    .         Rampage  .   (gloves unavailable)
Will     .....                  (boots unavailable)
Stlth    +.........             (no amulet)
HPRegen  0.22/turn              i - +4 ring of evasion
MPRegen  0.11/turn              (no ring)

@: no status effects
A: large, unfitting armour, tough skin 1
a: Renounce Religion, Depart the Abyss, Bend Space, Banish


You were on level 4 of the Dungeon.
You worshipped Lugonu.
Lugonu was most pleased with you.
You visited 1 branch of the dungeon, and saw 4 of its levels.
You visited the Abyss 1 time.

You collected 342 gold pieces.

Inventory:

Hand Weapons
 a - a +0 whip of electrocution (weapon)
 b - a +1 mace
Missiles
 d - 33 poisoned darts (quivered)
 e - 99 stones
 g - a throwing net {!f}
 k - 3 boomerangs
Armour
 r - a +1 robe of positive energy (worn)
Jewellery
 i - a +4 ring of evasion (left hand)
Scrolls
 c - 3 scrolls of remove curse
 j - a scroll of enchant armour {unknown}
 m - a scroll of enchant weapon {unknown}
 n - a scroll of blinking {unknown}
 p - a scroll of identify {unknown}
Potions
 f - 2 potions of attraction {unknown}
 h - 2 potions of resistance {unknown}
 l - a potion of berserk rage
 o - a potion of heal wounds {unknown}
 q - a potion of ambrosia {unknown}
 s - a potion of mutation {unknown}


   Skills:
 + Level 6.2 Fighting
 + Level 6.1 Maces & Flails
 - Level 2.1 Dodging
 + Level 2.4 Invocations


You had 6 spell levels left.
You didn't know any spells.
Your spell library was empty.

Dungeon Overview and Level Annotations

Branches:
Dungeon (4/15)
 Temple: D:4-7

Altars:
Fedhas
Xom

Annotations:
D:4 1 runed translucent door, Crazy Yiuf


Innate Abilities, Weirdness & Mutations

You are too large for most types of armour.
You have tough skin. (AC +1)


Message History

Beogh smites you!
* * * LOW HITPOINT WARNING * * *
The orc priest miscasts a cantrip.
You hear some strange, mumbled words.
You hear a shout!
You hit the orc priest but do no damage.
The orc priest is heavily wounded.
The orc priest calls down the wrath of Beogh upon you.
Pain shoots through your body!
* * * LOW HITPOINT WARNING * * *
Unknown command.
Okay, then.
Okay, then.
Space bends around you!
You blink.
An orc wizard comes into view. It is wielding a +0 dagger.
The orc wizard shouts!
Something hits you.
* * * LOW HITPOINT WARNING * * *
The orc priest hits you with a cursed -3 mace!
You die...

....# #.......#
....♣ #.#######
♣...♣ #.# ♣♣.♣♣
#.# ♣♣.♣ ######
#)# ######### ♣.♣♣
#....# #§#
#........ ♣♣.♣
####.#
#o########.....###
♣.♣♣ #)#
#o{.o.......>..#
#+# #)#
#@########.....#
... ####.#####.#
#.....# ...#
#...#...##.#
####### )..#
#..###.....# ####
#.#.#.#.##.#
#.##.##)...#
#######.#####.####
##.##.#.#####.#
......#.......#


You could see 2 orc priests and an orc wizard.

Vanquished Creatures
  A phantom (D:3)
  A howler monkey (D:2)
  2 orc wizards (D:4)
  A hound (D:4)
  3 orc priests
  A centaur skeleton (D:4)
  A worker ant (D:4)
  Robin (D:4)
  5 adders
  An ooze (D:2)
  2 worms (D:2)
  2 dart slugs
  4 leopard geckos
  15 orcs
  3 giant cockroaches
  16 goblins
  10 hobgoblins
  19 jackals
  11 kobolds
  3 quokkas (D:2)
  2 ball pythons (D:1)
  3 bats
  4 frilled lizards
  2 rats
113 creatures vanquished.

Notes
Turn   | Place    | Note
-------+----------+-------------------------------------------
     0 | Abyss:1  | tilp the Ogre Abyssal Knight began the quest for the Orb.
     0 | Abyss:1  | Reached XP level 1. HP: 24/24 MP: 2/2
    73 | Abyss:1  | Found a corrupted altar of Lugonu.
   110 | Abyss:1  | Noticed a thrashing horror
   111 | D:1      | Escaped the Abyss
   572 | D:1      | Reached * piety under Lugonu
   573 | D:1      | Reached XP level 2. HP: 6/33 MP: 3/3
  1483 | D:2      | Noticed a phantom
  1712 | D:2      | Reached XP level 3. HP: 34/41 MP: 4/4
  2261 | D:2      | Reached skill level 5 in Fighting
  2536 | D:2      | Reached XP level 4. HP: 30/50 MP: 5/5
  3221 | D:3      | Reached ** piety under Lugonu
  3262 | D:3      | Reached XP level 5. HP: 40/59 MP: 6/6
  3553 | D:3      | Noticed a phantom
  3558 | D:3      | Killed a phantom
  3733 | D:3      | Reached XP level 6. HP: 63/67 MP: 7/7
  3823 | D:3      | Found a blossoming altar of Fedhas.
  4279 | D:4      | Reached skill level 5 in Maces & Flails
  4450 | D:4      | Found a shimmering altar of Xom.
  4678 | D:4      | Found a runed translucent door.
  4679 | D:4      | Noticed Crazy Yiuf
  4745 | D:4      | Reached XP level 7. HP: 69/75 MP: 8/8
  4812 | D:4      | Reached *** piety under Lugonu
  5006 | D:4      | Noticed Robin
  5037 | D:4      | Killed Robin
  5174 | D:4      | Slain by an orc priest

Illustrated notes

Levels and vault maps discovered:
D:1:      minmay_arrival_up_and_down, layout_loops_cross,
          kennysheep_decorative_pillar
D:2:      layout_rooms, minmay_cupped
D:3:      layout_loops_ring, nicolae_overflow_crystal_walls
D:4:      layout_loops_ring, tgw_xom, uniq_robin, uniq_crazy_yiuf_cottage

Skill      XL: |  1  2  3  4  5  6  7 |
---------------+----------------------+-----
Maces & Flails | 2 3 4 5 6 |  6.1
Fighting       | 5 6 |  6.2
Dodging        | |  2.1
Invocations    | |  2.4

Action                   |  1- 3 |  4- 6 |  7- 9 || total
-------------------------+-------+-------+-------++-------
Melee: Mace              |    80 |       |       ||    80
       Whip              |    42 |   204 |    74 ||   320
Throw: Dart              |     4 |     3 |       ||     7
Invok: Depart the Abyss  |     1 |       |       ||     1
       Bend Space        |       |       |     1 ||     1
  Use: Scroll            |       |     1 |       ||     1
Armor: Robe              |    36 |    32 |     8 ||    76
Dodge: Dodged            |    82 |   109 |    23 ||   214

Table legend: (Time is in decaauts)
 A = Elapsed time spent in this place.
 B = Non-inter-level travel time spent in this place.
 C = Inter-level travel time spent in this place.
 D = Time resting spent in this place.
 E = Time spent auto-exploring this place.
 F = Levels seen in this place.
 G = Mean time per level.
                   A        B        C        D        E       F      G
               +--------+--------+--------+--------+--------+-----+--------+
         Total |   5161 |   5020 |    141 |   1704 |   2447 |   5 | 1032.2 |
       Dungeon |   5050 |   4909 |    141 |   1704 |   2349 |   4 | 1262.5 |
         Abyss |    111 |    111 |      0 |      0 |     98 |   1 |  111.0 |
               +--------+--------+--------+--------+--------+-----+--------+

Top non-repeatable levels by time:
     D:1: 1737 daAuts
     D:2: 1358 daAuts
     D:3: 1050 daAuts
     D:4: 903 daAuts
 Abyss:1: 111 daAuts
